[Event "Reykjavik Open 2025"]
[Site "Reykjavik"]
[Date "2025.04.10"]
[Round "2.1"]
[White "Lohia, Sohum"]
[Black "Maghsoodloo, Parham"]
[Result "0-1"]
[Annotator "TA"]
[ECO "B44"]
[WhiteElo "2354"]
[BlackElo "2684"]
[PlyCount "90"]
[EventDate "2025.04.09"]
[EventType "swiss"]
[EventCountry "ISL"]
[SourceTitle "playchess.com"]
[Source "ChessBase"]
[SourceQuality "1"]
[TimeControl "40/5400+30:1800+30"]

1. e4 c5 2. Nf3 e6 3. d4 cxd4 4. Nxd4 Nc6 5. Nb5 d6 6. c4 Nf6 7. N1c3 a6 8. Nd4 Bd7 9. Be2 {[%emt 0:09:48] B44: Sicilian: Taimanov: 5 Nb5.} Rc8 10. Nxc6 Bxc6 11. Qd4 {[%emt 0:03:42] The position is equal.} g6 $146 (11... Qa5 12. Bd2 Qe5 13. Qxe5 dxe5 14. f3 Bc5 15. Nd1 Bd4 16. Be3 Nh5 17. g3 Ke7 18. Bxd4 exd4 {½-½ Fedorov,A (2559)-Romanov,E (2619) EU-ch 19th Batumi 2018 (8)}) 12. O-O Bg7 13. Rd1 O-O 14. Qe3 Qc7 15. Bd2 Qb8 16. a4 Rfd8 17. Qf4 h6 18. h4 Qc7 19. b4 Be8 20. Rac1 Qe7 21. Be3 d5 22. Bc5 (22. Bb6 $14 {stays ahead.} d4 23. e5 (23. Bxd4 Rxd4 24. Rxd4 e5 $19) (23. Rxd4 Nh5 $14)) 22... Rxc5 $1 $17 23. bxc5 e5 (23... d4 $17 24. e5 dxc3 25. exf6 Bxf6) 24. Qf3 $11 dxe4 25. Nxe4 ({White should try} 25. Qe3 $14) 25... Rxd1+ 26. Bxd1 (26. Rxd1 $11 Nxe4 27. Qxe4) 26... Nxe4 $1 $17 27. Qxe4 Bc6 $1 28. Qg4 {[%emt 0:02:18] [#]} h5 $1 {[%emt 0:00:02][%mdl 1024] Black has strong compensation.} 29. Qc8+ Kh7 30. Qh3 e4 31. Bc2 Bd4 32. Re1 Qxc5 {[%emt 0:00:12] Black is more active.} (32... Qe5 $17 {[%cal Oe5f4] ...Qf4! would now be deadly.} 33. Kf1 Qxc5 (33... Bxc5 34. Qf3 $15) 34. Bxe4 Bxe4 (34... Qxc4+ 35. Qd3 $16) (34... Bxa4 35. Qf3 $14) (34... Bxf2 35. Qf3 $16) 35. Rxe4 Qxc4+ 36. Re2 Qxa4) 33. Qg3 $1 $15 f5 (33... Qxc4 34. Qb3 Qxb3 35. Bxb3 $11) 34. Qc7+ Bg7 {[%emt 0:00:21] A strong pair of Bishops.} 35. Rd1 (35. Re3 $11 {remains equal.}) 35... e3 $17 {[%emt 0:00:02] Black has a king side majority} 36. fxe3 {[%emt 0:00:33][%mdl 8192] White does not recover from this.} (36. Qf4 $17) 36... Qxe3+ $19 37. Kf1 {[%emt 0:00:30] [#]} Qc3 $1 38. Bd3 Bxa4 39. Be2 Bxd1 40. Bxd1 {[%emt 0:00:03][%mdl 4096] Endgame KQB-KQB. Black is two pawns up.} b5 41. c5 Qc1 42. Ke2 (42. Qd6 {was called for.}) 42... Qc4+ 43. Kd2 Kh6 44. Be2 (44. Qg3 $19) 44... Bc3+ 45. Kc2 Qb4 {[%emt 0:00:00] Weighted Error Value: White=0.60/Black=0.27 (precise)   Loses game:     	White=1     	---        Mistake:       	White=6     	Black=2      Inaccurate:     	White=4     	Black=6      OK:         	White=12    	Black=10     Best:        	---       	Black=2      Strong:       	White=1     	Black=4} ({Less strong is} 45... Qxe2+ 46. Kxc3 Qe1+ (46... Qxg2 47. Qf4+ Kg7 48. Qc7+ Kf6 49. Qd6+ Kf7 50. c6 $14) 47. Kc2 $17) 0-1

[Event "Reykjavik Open 2025"]
[Site "Reykjavik"]
[Date "2025.04.10"]
[Round "2.2"]
[White "Ivic, Velimir"]
[Black "Muetsch, Annmarie"]
[Result "1-0"]
[Annotator "TA"]
[ECO "A21"]
[WhiteElo "2623"]
[BlackElo "2329"]
[PlyCount "107"]
[EventDate "2025.04.09"]
[EventType "swiss"]
[EventCountry "ISL"]
[SourceTitle "playchess.com"]
[Source "ChessBase"]
[SourceQuality "1"]
[TimeControl "40/5400+30:1800+30"]

1. c4 e5 2. g3 d6 3. Bg2 Nd7 4. Nc3 g6 5. Nf3 Bg7 6. O-O Ne7 7. d3 O-O {[%emt 0:00:46] A21: English Opening: 1...e5 2 Nc3.} 8. Rb1 a5 9. a3 Nc5 {[%emt 0:05:06] The position is equal.} 10. b4 $146 (10. Bg5 c6 11. b4 axb4 12. axb4 Ne6 13. Bd2 f5 14. Ng5 h6 15. Nxe6 Bxe6 16. b5 {0-1 Maia,J (2029)-Araujo,S Natal Magistral 3rd A 2006 (2.5)}) 10... axb4 11. axb4 Ne6 12. Bb2 c6 13. e3 d5 14. Qb3 d4 15. Ne4 Nf5 16. Rfe1 Nd6 17. Ned2 c5 ({Better is} 17... dxe3 $11 18. Rxe3 Nd4 19. Nxd4 exd4) 18. exd4 $14 exd4 19. Ba3 Qc7 20. bxc5 Nxc5 21. Bxc5 Qxc5 22. Qb6 Qxb6 23. Rxb6 Rd8 24. Ng5 h6 25. Nge4 Nxe4 26. Bxe4 Ra3 27. Reb1 (27. Bxb7 Rxd3 28. Nb1 Bxb7 29. Rxb7 Bf8) 27... Bf8 28. R6b3 (28. Bxb7 $6 Rxd3 29. Ne4 Kg7 $15) 28... Rxb3 29. Rxb3 Rd7 {[%emt 0:00:08] [#]} 30. Rb5 $1 {[%emt 0:01:43] Wards off Bc5} Be7 31. Nb3 Kg7 32. Bd5 Bf6 33. Nc5 Rc7 34. Nxb7 {[%emt 0:00:31] White has more active pieces.} ({Stronger than} 34. Bxb7 Rxc5 35. Rxc5 Bxb7 $17) 34... Bxb7 35. Bxb7 $16 {[%emt 0:00:05][%mdl 4096] Endgame KRB-KRB. White is a pawn up.} Be7 36. Kg2 f5 37. h4 h5 38. Bd5 Bc5 39. Kf3 Ba3 40. Ra5 Bb4 41. Ra4 Bc5 42. Ra6 Bb4 (42... Ra7 $16 43. Rc6 Be7) 43. Kf4 $18 Bd2+ 44. Ke5 Be1 45. Ra2 (45. Kxd4 Bxf2+ 46. Kc3 Be1+ (46... Bxg3 47. d4 $17) 47. Kc2 Bxg3 $17) 45... Bc3 $2 (45... Bb4 46. Kxd4 Bc5+ 47. Kc3 Bb6) 46. Kd6 Rc8 47. Kd7 ({Less strong is} 47. c5 Bb4 48. Rc2 (48. Ra7+ Kh6 $18) 48... Kf6 $18) 47... Rc5 48. Ra7 Kh6 (48... Kh8 $142 49. Ke6 Bd2) 49. f4 {[%emt 0:00:00] Threatens to win with Bg8.} Bb4 50. Rb7 Ba3 51. Rb3 Ra5 {[%emt 0:00:41] [#]} 52. Rxa3 $1 {[%emt 0:00:00][%mdl 512] White mates.} Rxa3 53. c5 Ra7+ 54. Kd6 {[%emt 0:00:00] Weighted Error Value: White=0.05 (flawless) /Black=0.44  Mistake:       	---       	Black=4      Inaccurate:     	---       	Black=3      OK:         	White=15    	Black=10     Best:        	White=5     	Black=1      Strong:       	White=1     	---} (54. Ke6 $142 Ra3 55. Bc4 Kg7 56. c6 Ra7 57. Kd6 Ra8 58. c7 Kf6 59. Bb5) 1-0

[Event "Reykjavik Open 2025"]
[Site "Reykjavik"]
[Date "2025.04.10"]
[Round "2.3"]
[White "Safarli, Eltaj"]
[Black "Dushyant Sharma"]
[Result "1/2-1/2"]
[Annotator "TA"]
[ECO "C77"]
[WhiteElo "2617"]
[BlackElo "2313"]
[PlyCount "95"]
[EventDate "2025.04.09"]
[EventType "swiss"]
[EventCountry "ISL"]
[SourceTitle "playchess.com"]
[Source "ChessBase"]
[SourceQuality "1"]
[TimeControl "40/5400+30:1800+30"]

1. e4 e5 2. Nf3 Nc6 3. Bb5 a6 4. Ba4 Nf6 5. d3 b5 6. Bb3 Bc5 7. Nc3 {[%emt 0:00:29] 7.c3 is becoming the main line.} d6 {[%emt 0:01:50] C77: Ruy Lopez: 3...a6 4 Ba4 Nf6, unusual lines.} 8. Nd5 h6 {[%emt 0:03:57] Prevents Bg5.} 9. c3 Be6 10. Nxf6+ Qxf6 11. O-O O-O 12. Bxe6 fxe6 13. b4 Bb6 14. Be3 d5 15. Qe2 $146 (15. Bxb6 cxb6 16. Qb3 Rad8 17. a4 Qg6 18. axb5 axb5 19. Kh1 Kh7 20. Rae1 Qh5 21. Ng1 {0-1 Jonvik,A (2156)-Narusberg,P (2362) EU-chT11 sf1 email 2017 [6]}) 15... Ne7 16. a4 Ng6 17. axb5 axb5 (17... d4 {is interesting.} 18. cxd4 exd4 19. e5 Qf5) 18. Rxa8 Rxa8 19. Bxb6 cxb6 20. Qe3 (20. g3 $14) 20... Ra3 $11 21. Rc1 {[%emt 0:13:18] [#]} d4 $1 22. cxd4 exd4 23. Qxd4 Nf4 $1 24. Rc8+ (24. Qxb6 $2 Ne2+ (24... Rxd3 25. Kf1 $17) 25. Kf1 Nxc1 $19) 24... Kh7 {[%emt 0:00:25] ( -> ...Ra1+)} 25. Qxf6 (25. Qxb6 $2 {leads to mate.} Qa1+ (25... Nxd3 $2 26. Nd2 $19)) 25... gxf6 {[%emt 0:00:05][%mdl 4096] Endgame KRN-KRN. White is a pawn up.} 26. h4 Rxd3 27. e5 fxe5 28. Nxe5 Rd4 29. Rc7+ Kg8 30. g3 Nd5 31. Rb7 Rxb4 32. h5 Re4 33. Nd7 b4 {[%emt 0:01:28] [#]} 34. Nxb6 Nxb6 35. Rxb6 {[%emt 0:00:01] KR-KR} Kf7 36. Kg2 Re5 37. g4 ({Don't do} 37. Rxb4 $6 Rxh5 38. g4 Rc5 $14) 37... Re4 38. Kg3 Kf6 39. Rb5 Rc4 40. f3 Rd4 41. Rb7 Rc4 42. Rh7 b3 {[%emt 0:02:24] and ...Rb4 would now be decisive. The position is equal.} 43. Rxh6+ Ke5 44. Rg6 $1 Kd6 $1 45. Rg8 $1 Kc7 46. h6 b2 47. h7 b1=Q 48. h8=Q {[%emt 0:00:00] Weighted Error Value: White=0.04 (flawless) /Black=0.04 (flawless)   Mistake:       	White=1     	---        Inaccurate:     	White=2     	Black=2      OK:         	White=16    	Black=16     Best:        	White=2     	Black=5      Strong:       	White=2     	Black=2} 1/2-1/2

[Event "Reykjavik Open 2025"]
[Site "Reykjavik"]
[Date "2025.04.10"]
[Round "2.4"]
[White "Frayna, Janelle Mae"]
[Black "Ivanchuk, Vasyl"]
[Result "0-1"]
[Annotator "TA"]
[ECO "A29"]
[WhiteElo "2311"]
[BlackElo "2604"]
[PlyCount "84"]
[EventDate "2025.04.09"]
[EventType "swiss"]
[EventCountry "ISL"]
[SourceTitle "playchess.com"]
[Source "ChessBase"]
[SourceQuality "1"]
[TimeControl "40/5400+30:1800+30"]

1. c4 e5 2. Nc3 Nf6 3. Nf3 Nc6 4. g3 d5 5. cxd5 Nxd5 6. Bg2 Nb6 {[%emt 0:00:11] 6...Bc5 might become the main line.} 7. O-O Be7 8. b3 Bf5 $5 {[%emt 0:06:42][%mdl 4] An interesting side line. A29: English Opening: Four Knights Variation with 4 g3.} 9. Bb2 Qd7 {[%emt 0:05:54] [#]} 10. d4 $1 exd4 {[%emt 0:04:20] The position is equal.} 11. Nb5 Be4 $146 (11... O-O-O 12. Rc1 Kb8 13. Ne5 Nxe5 14. Rxc7 Qxb5 15. Rxb7+ Kc8 16. Qc1+ Bc5 17. Qf4 Rd7 18. Qxf5 {1-0 Wagh,S (2243)-Raghav,V (2028) Tamil Nadu IM 16th 2024 (9)}) 12. Nbxd4 (12. Nfxd4 Bxg2 13. Kxg2 a6 14. Nxc7+ (14. Nf5 axb5 15. Nxg7+ Kd8 $15) 14... Qxc7 $17) (12. Rc1 $1 $16 {[%cal Of3e5] Ne5! is the strong threat.} O-O 13. Nfxd4 Bxg2 14. Kxg2 Nxd4 15. Qxd4 Qxd4 16. Nxd4 (16. Bxd4 c6 $11)) 12... Bf6 {[%emt 0:05:47] [#] Inhibits Ne5.} 13. Ne5 Bxe5 $15 (13... Nxe5 $2 14. Bxe4 Nd5 15. Qc2 $18) 14. Bxe4 Nxd4 (14... Bxd4 15. Bxc6 Bxf2+ 16. Rxf2 $16) 15. e3 $1 {[%emt 0:00:04] [#]} (15. Bxb7 $2 Rb8 16. Be4 Nf3+ 17. exf3 Qxd1 (17... Bxb2 18. Qc2 $17) 18. Bxe5 Qd2 19. Bxg7 Rg8 $19) 15... Nf3+ 16. Qxf3 Bxb2 17. Bxb7 {[%emt 0:02:55] [#]} O-O $1 18. Rab1 (18. Rad1 Qe7) 18... Be5 {[%emt 0:05:32] And now ...Rab8 would win.} 19. Rfd1 {[%emt 0:00:21] [#]} Bd6 $1 20. Bxa8 Rxa8 21. Qb7 Qc8 22. Qc6 Qe8 23. Qb7 h5 24. Rbc1 {[%emt 0:02:57] [#]} h4 25. Rd4 Rb8 26. Qg2 hxg3 27. hxg3 Qe5 28. Rcd1 g6 29. Qh3 Re8 30. Kg2 Qc5 (30... Qb5 {seems wilder.} 31. Qg4 Kg7 32. Rh1 Be5) 31. Kg1 {[%emt 0:08:39] [#]} (31. Qh4 $15) 31... Kg7 $1 $17 32. Rh4 {[%emt 0:04:48] [#]} Be5 $1 33. Kg2 (33. Qh1 $17) 33... Qc6+ $19 34. Kg1 Qc2 35. Rf1 (35. Qf1 $142) 35... Qxa2 36. Re4 Qxb3 37. Qg2 Nd5 38. f4 {[%emt 0:00:10] Black has a decisive advantage.} Nxe3 39. Qf3 {[%emt 0:00:07] [#]} Qb6 $1 40. fxe5 (40. Rxe3 $2 {perishes.} Bc3 (40... Bd4 $2 41. Rfe1 $19) 41. Kh2 Rxe3 $19) (40. Qxe3 $2 Qxe3+ 41. Rxe3 Bd4 $19) 40... Nxf1+ 41. Kxf1 Qb5+ 42. Kg2 Qd5 {[%emt 0:00:24] Weighted Error Value: White=0.28 (precise) /Black=0.11 (very precise)   Mistake:       	White=5     	Black=1      Inaccurate:     	White=5     	Black=2      OK:         	White=12    	Black=14     Best:        	White=3     	Black=4      Strong:       	White=1     	Black=3      Brilliant:      	---       	Black=1} 0-1

[Event "Reykjavik Open 2025"]
[Site "Reykjavik"]
[Date "2025.04.10"]
[Round "2.5"]
[White "Banusz, Tamas"]
[Black "Sarkar, Justin"]
[Result "1-0"]
[Annotator "TA"]
[ECO "A36"]
[WhiteElo "2592"]
[BlackElo "2305"]
[PlyCount "55"]
[EventDate "2025.04.09"]
[EventType "swiss"]
[EventCountry "ISL"]
[SourceTitle "playchess.com"]
[Source "ChessBase"]
[SourceQuality "1"]
[TimeControl "40/5400+30:1800+30"]

1. c4 g6 2. g3 Bg7 3. Bg2 c5 4. Nc3 Nc6 5. d3 e6 6. h4 h6 {[%emt 0:01:29] A36: Symmetrical English vs ...g6: 4 Bg2 Bg7.} 7. h5 g5 8. f4 d5 $146 {[%emt 0:01:09] The position is equal.} (8... g4 9. Bxc6 bxc6 10. e4 f5 11. e5 d6 12. exd6 Qxd6 13. Be3 Nf6 14. Nge2 O-O {1-0 Aronian,L (2775)-Dominguez Perez,L (2754) Saint Louis Blitz 2022 (8)}) 9. cxd5 exd5 10. Nxd5 Nge7 11. Nxe7 Qxe7 12. Nf3 g4 13. Nh4 Qd6 14. Be4 Ne7 15. Qc2 Rb8 16. Bd2 O-O 17. Rc1 b6 {[%emt 0:19:31][%cal Bb7b6,Bb6c5,Bc5d4][%mdl 32] [#]} 18. b4 $1 f5 (18... Be6 19. bxc5) 19. Bg2 Be6 20. bxc5 bxc5 21. Bc3 Bd4 ({Black should play} 21... Rfc8) 22. Bxd4 $16 cxd4 23. Qc7 Qb4+ (23... Rfd8 $142 24. Kf2 (24. Qxa7 Rd7 $18) 24... Rb2) 24. Kf2 $18 Qd2 25. Qe5 {[%emt 0:00:57] Inhibits Qe3+.} (25. Qxe7 {leads to mate.} Qe3+ (25... Bxa2 $2 26. Rc6 $18) 26. Kf1 Qxc1+ 27. Kf2 Qe3+ 28. Kf1 Rb1#) 25... Bxa2 {[%emt 0:00:42] [#]} (25... Qe3+ 26. Qxe3 dxe3+ 27. Kxe3 Rb2) 26. Qxe7 {[%emt 0:10:18] White is clearly winning.} Rbe8 27. Rhd1 (27. Qxa7 $2 {too greedy.} Rxe2+ 28. Kg1 Rxg2+ (28... Qxc1+ $2 29. Kh2 $19) 29. Nxg2 Bd5 $19 (29... Qxc1+ 30. Kh2 $16)) 27... Qxd1 28. Qxf8+ {[%emt 0:00:26] Weighted Error Value: White=0.02 (flawless) /Black=0.76  Mistake:       	---       	Black=3      Inaccurate:     	---       	Black=4      OK:         	White=11    	Black=4      Best:        	White=4     	---} 1-0

[Event "Reykjavik Open 2025"]
[Site "Reykjavik"]
[Date "2025.04.10"]
[Round "2.6"]
[White "George Samir, David"]
[Black "Muradli, Mahammad"]
[Result "0-1"]
[Annotator "TA"]
[ECO "E11"]
[WhiteElo "2303"]
[BlackElo "2588"]
[PlyCount "58"]
[EventDate "2025.04.09"]
[EventType "swiss"]
[EventCountry "ISL"]
[SourceTitle "playchess.com"]
[Source "ChessBase"]
[SourceQuality "1"]
[TimeControl "40/5400+30:1800+30"]

1. c4 e6 2. Nf3 d5 3. d4 Nf6 4. g3 Bb4+ 5. Bd2 Be7 6. Bg2 {[%emt 0:00:05] E11: Bogo-Indian.} Nbd7 7. O-O c6 8. Qc2 {[%emt 0:00:20] The position is equal.} b6 9. Bf4 {[%emt 0:02:15] 9.Bf4 is better than 9.Rd1.} Ba6 10. Ne5 Nxe5 11. dxe5 Nd7 12. cxd5 cxd5 13. Rd1 Rc8 14. Nc3 b5 15. e4 (15. a3 $5) 15... b4 16. Qa4 $1 {[%emt 0:19:37] Counterplay Black} (16. exd5 bxc3 17. b4 exd5 (17... Bxb4 18. dxe6 fxe6 19. Qa4 $11) 18. Bxd5 Bc4 $19 (18... Bxb4 19. Bxf7+ Kxf7 20. Qf5+ Kg8 21. Qe6+ Kf8 22. Qxa6 $16)) 16... bxc3 17. Qxa6 {[%emt 0:00:17] [#] and bxc3 would now be decisive} c2 (17... cxb2 18. Rab1 Nc5 19. Qb5+ (19. Qxa7 $2 Ra8 $19) 19... Qd7 20. Qxd7+ (20. Rxb2 Qxb5 21. Rxb5 Nxe4 $11) (20. Qxb2 Na4 $14) 20... Nxd7 21. exd5 $16) 18. Rdc1 ({Better is} 18. Rd4 $1 $11 Bc5 (18... g5 19. Bc1 $11) 19. Rd2) 18... d4 $15 19. Qa4 (19. Qd3 $15) 19... d3 $19 20. Qb5 g5 $146 {[%emt 0:00:25][%mdl 2048] Black is really pushing.} (20... Qb6 21. Qxd3 Qxb2 22. Bf1 Ba3 23. Re1 Qc3 24. Qxc3 Rxc3 25. Re3 Rxe3 26. Bxe3 Nxe5 {0-1 Mahjoob,M (2529)-Quesada Perez,Y (2614) Olympiad-39 Khanty-Mansiysk 2010 (8.3)}) 21. Be3 (21. Bd2 $17 {is a better defense.} Qb6 22. Qxd3 Qxb2 (22... Nxe5 $2 23. Qe3 $19) 23. Bf1 Nxe5 (23... Qxe5 24. Rxc2 Rxc2 25. Qxc2 $14) 24. Qb5+ Qxb5 25. Bxb5+ Kf8 26. Ba6) 21... O-O 22. Qxd3 {[%emt 0:02:42] Black has space advantage and is better} Nxe5 23. Qe2 Qd3 24. Qh5 Qb5 {[%emt 0:07:53] and ...g4 would now be decisive} 25. Bf1 (25. a4 $142 Qxb2 26. Bxg5 Bxg5 27. Qxg5+ Ng6 28. h4) 25... Qxb2 26. Bxg5 $2 {[%emt 0:00:04] [#]} (26. a3) 26... Nf3+ $1 {[%emt 0:00:57][%mdl 512] Black is clearly winning.} 27. Qxf3 Bxg5 28. Qg4 {[%emt 0:00:06] White is weak on the dark squares} Qg7 29. f4 Be7 {[%emt 0:00:40] Weighted Error Value: White=0.37/Black=0.09 (flawless)   Mistake:       	White=5     	---        Inaccurate:     	White=2     	Black=1      OK:         	White=6     	Black=9      Best:        	White=4     	Black=6      Strong:       	White=1     	---        Brilliant:      	---       	Black=1} ({Weaker is} 29... Qd4+ 30. Kh1 $11) 0-1

[Event "Reykjavik Open 2025"]
[Site "Reykjavik"]
[Date "2025.04.10"]
[Round "2.7"]
[White "Gupta, Abhijeet"]
[Black "Bjornsson, Sigurbjorn"]
[Result "1-0"]
[Annotator "TA"]
[ECO "E04"]
[WhiteElo "2576"]
[BlackElo "2303"]
[PlyCount "103"]
[EventDate "2025.04.09"]
[EventType "swiss"]
[EventCountry "ISL"]
[SourceTitle "playchess.com"]
[Source "ChessBase"]
[SourceQuality "1"]
[TimeControl "40/5400+30:1800+30"]

1. d4 Nf6 2. c4 e6 3. Nf3 d5 4. g3 Nbd7 5. Bg2 dxc4 6. O-O Rb8 7. a4 a6 {[%emt 0:00:46] E04: Open Catalan: 5 Nf3.} 8. a5 Bd6 9. Nfd2 $5 {[%emt 0:05:01][%mdl 4] An interesting side line.} b5 {[%emt 0:02:44] White has an edge.} 10. axb6 Nxb6 {[%emt 0:00:14] [#]} 11. Nxc4 $1 Nxc4 12. Qa4+ Rb5 $146 (12... Bd7 13. Qxc4 O-O 14. Qc2 Bb5 15. Nc3 Nd5 16. Nxb5 axb5 17. Bd2 Qd7 18. Rfc1 Rfc8 {½-½ Ciorgovean,I (2267)-Kanyamarala,T (2389) EU-ch 25th Eforie Nord 2025 (8)}) 13. Bc6+ Nd7 14. Qxc4 {[%emt 0:00:21] A sharp opening} Rb4 15. Qc3 O-O 16. Bf4 Nb6 17. Nd2 {[%emt 0:02:26] Repels Rc4} Be7 18. Rfd1 Nd5 19. Bxd5 Qxd5 20. Qxc7 (20. Bxc7 Bb7 (20... Rxd4 21. Ra5 $11) 21. e4 Qd7 $17 (21... Qxd4 22. Ba5 $11)) 20... Bb7 $132 {[%emt 0:05:12][%mdl 2048] Black has counterplay} 21. Nf3 (21. Qxe7 $2 Qh1#) (21. e4 $11 {feels stronger.} Qd8 22. Rac1) 21... Bf6 $15 22. Bd6 (22. Qc5 $15 Rxb2 23. Qxd5 Bxd5 24. Rxa6) 22... Rc8 $17 23. Qxc8+ Bxc8 {[%emt 0:00:05] This pair of bishops is nice.} 24. Bxb4 Bb7 (24... Qb5 $1 $17 25. Bc3 Qxe2) 25. Re1 $11 Qe4 $1 {[%emt 0:02:02][%cal Og7g5][%mdl 1024] Black has compensation.} (25... Bxd4 26. Rad1 (26. e4 Qb5 $15) 26... e5 27. Bc3 $14) 26. Ra3 g5 27. Re3 Qd5 28. g4 h5 (28... Bxd4 $2 {too greedy.} 29. Rd1 $18) 29. h3 hxg4 ({Inferior is} 29... Bxd4 30. Rd1 e5 31. Rxe5 Bxf2+ 32. Kxf2 $16) 30. hxg4 Bxd4 31. Rd1 $1 e5 32. Rxe5 Bxf2+ $1 33. Kxf2 Qxd1 34. Rxg5+ Kh7 35. Rh5+ Kg6 36. Ne5+ Kf6 {[%emt 0:05:24] and ...Qd4+ should not be overlooked} 37. Rf5+ Ke6 38. Nd3 {[%emt 0:00:04] Dancing on a razor blade.} Bh1 {[%emt 0:06:23] [#]} (38... Bc6 $11) 39. Rc5 $1 $16 a5 {[%emt 0:02:41][%cal Ba6a5,Ba5b4,Bb4b3][%mdl 32] [#]} 40. Rc1 $1 Qxc1 41. Nxc1 axb4 {[%emt 0:30:06][%mdl 4096] Endgame KB-KN. White is a pawn up.} 42. Nd3 b3 43. Ke3 (43. Kg3 $18) 43... Kd5 $2 {[%emt 0:00:00][%mdl 8192] Prevents Nc5. Loses the game.} (43... Kf6 $16 44. Kf4 Bb7 45. g5+ Kg6) 44. Kf4 $18 Kd4 45. Ne5 {[%emt 0:00:00][%cal Og4g5] g5! is the strong threat.} Bd5 46. e3+ {[%emt 0:00:00] White mates.} Kc5 47. Kf5 f6 48. Kxf6 Bg8 49. Nd3+ Kd5 50. Kg7 Ke4 51. Nc5+ Kxe3 52. Kxg8 {[%emt 0:00:00] Weighted Error Value: White=0.06 (flawless) /Black=0.39  Loses game:     	---       	Black=1      Mistake:       	White=3     	Black=2      Inaccurate:     	White=1     	Black=4      OK:         	White=15    	Black=17     Best:        	White=5     	Black=4      Strong:       	White=3     	Black=2} 1-0

[Event "Reykjavik Open 2025"]
[Site "Reykjavik"]
[Date "2025.04.10"]
[Round "2.8"]
[White "Pisk, Petr"]
[Black "Jacobson, Brandon"]
[Result "0-1"]
[Annotator "TA"]
[ECO "B13"]
[WhiteElo "2302"]
[BlackElo "2570"]
[PlyCount "70"]
[EventDate "2025.04.09"]
[EventType "swiss"]
[EventCountry "ISL"]
[SourceTitle "playchess.com"]
[Source "ChessBase"]
[SourceQuality "1"]
[TimeControl "40/5400+30:1800+30"]

1. e4 c6 2. d4 d5 3. exd5 cxd5 4. Bd3 Nc6 5. c3 Qc7 6. Ne2 Bg4 7. O-O {[%emt 0:02:32] B13: Caro-Kann: Exchange Variation and Panov-Botvinnik Attack.} e6 8. f3 Bh5 9. Bf4 {[%emt 0:00:29] The position is equal.} Qd7 10. Nd2 Bg6 11. Nb3 Nf6 12. Ng3 Bxd3 13. Qxd3 h5 $146 (13... Bd6 14. Bxd6 Qxd6 15. Rae1 O-O 16. f4 g6 17. Qf3 Ne7 18. Nc5 b6 19. Nd3 Nf5 {1-0 Bagvilas,L (1881)-Arulis,A (1958) LTU-chT Lithuania 2019 (2.5)}) 14. h3 Ne7 15. Nc5 Qc6 16. Rfe1 b6 17. Na6 Rc8 {[%emt 0:00:05] Against Nc7+} 18. a4 Ng6 19. Bb8 {[%emt 0:08:24] [#] Black converts the advantage convincingly.} (19. Bd2 $11) 19... Nd7 $1 $17 20. Be5 Ndxe5 21. dxe5 h4 $36 {[%emt 0:00:08][%mdl 2048] Black has strong initiative.} 22. Nh1 (22. Ne2 $17) 22... Rh5 $19 23. Qd4 Qb7 24. Qd3 Rc4 25. b3 Rg5 (25... Nxe5 26. Qe2 Rf4 (26... Rxc3 $2 27. f4 $19) 27. Nf2 $19) 26. bxc4 $2 {[%emt 0:01:22] [#]} (26. Qd2 Rf4 (26... Rxe5 $2 27. bxc4 Rxe1+ 28. Rxe1 $18) (26... Nf4 27. g4 $15) 27. Qe2) 26... Rxg2+ $3 {[%emt 0:00:04][%mdl 512] Black is clearly winning.} 27. Kf1 Qxa6 28. Rad1 {[%emt 0:00:05] [#]} Bc5 $1 {[%emt 0:00:30] and ...Nf4 should not be overlooked} 29. Kxg2 Nf4+ ({And not} 29... dxc4 30. Qd8#) 30. Kf1 Nxd3 31. Rxd3 Qxc4 (31... dxc4 $2 32. Rd2 $19) 32. Ke2 Qf4 33. Nf2 Qh2 34. Rf1 Qxe5+ 35. Kd1 Qf4 {[%emt 0:00:27] Weighted Error Value: White=0.37/Black=0.03 (flawless)   Mistake:       	White=3     	---        OK:         	White=6     	Black=14     Best:        	---       	Black=1      Strong:       	---       	Black=1      Brilliant:      	---       	Black=1} 0-1